 Dungeon Crawl Stone Soup version 0.28.0-53-g5a82cb258f (webtiles) character file.

Game seed: 17435028409995838513

294095 safid the Messiah (level 20, -22/178 HPs)
             Began as a Hill Orc Fighter on July 12, 2022.
             Was the Champion of Beogh.
             Killed from afar by a deep elf zephyrmancer (26 damage)
             ... with a bolt of lightning
             ... summoned by a boggart
             ... on level 1 of the Elven Halls on July 13, 2022.
             The game lasted 01:56:53 (48239 turns).

safid the Messiah (Hill Orc Fighter)               Turns: 48239, Time: 01:56:54

Health: -22/178    AC: 34    Str: 28      XL:     20   Next: 84%
Magic:  24/24      EV: 10    Int:  7 (8)  God:    Beogh [******]
Gold:   2236       SH: 33    Dex: 10      Spells: 19/19 levels left

rFire   . . .      SeeInvis +   T - +9 broad axe (freeze)
rCold   . . .      Faith    .   p - +7 tower shield of the Cartwright {rN++}
rNeg    + + .      Spirit   .   r - +18 Lear's hauberk
rPois   +          Reflect  +   (helmet currently unavailable)
rElec   .          Harm     .   h - +2 cloak
rCorr   +          Rampage  .   (gloves currently unavailable)
Will    +....                   (boots currently unavailable)
Stlth   ..........              y - amulet of reflection
HPRegen 0.39/turn               H - ring "Zaugg" {rCorr Slay+3 SInv}
MPRegen 0.19/turn               O - ring of poison resistance

@: no status effects
A: walk on water, hooves 1, low MP 2[+1], [screaming 1]
}: 2/15 runes: decaying, serpentine
a: Renounce Religion, Smiting, Recall Orcish Followers, Give Item to Named
Follower, Resurrection


You were on level 1 of the Elven Halls.
You worshipped Beogh.
Beogh was exalted by your worship.
You visited 7 branches of the dungeon, and saw 36 of its levels.
You visited the Abyss 1 time.
You also visited: Ice Cave, Volcano and Desolation.

You collected 4632 gold pieces.
You spent 2396 gold pieces at shops.

Inventory:

Hand Weapons
 j - the +5 spear "Lidarel" {spect, MP+9 Str+4 Dex+2}
   (You took it off a salamander on level 1 of the Snake Pit)

   When its wielder attacks, the weapon's spirit leaps out and strikes again.
   The spirit shares a part of any damage it takes with its wielder.
   Str:       It affects your strength (+4).
   Dex:       It affects your dexterity (+2).
   MP:        It affects your magic capacity (+9).
 A - the +6 arbalest of Hard Scrabble {venom, rElec rF++ MP-9 Stlth+}
   (You found it on level 2 of the Vaults)

   Any ammunition fired from it poisons the flesh of those it strikes.
   rF:        It greatly protects you from fire.
   rElec:     It insulates you from electricity.
   MP:        It affects your magic capacity (-9).
   Stlth:     It makes you more stealthy.
 D - the +7 trident of Death's Door {vorpal, Stlth+}
   (You found it on level 6 of the Lair of Beasts)

   It inflicts extra damage upon your enemies.
   Stlth:     It makes you more stealthy.
 T - a +9 broad axe of freezing (weapon)
Missiles
 C - 3 throwing nets
 G - 4 silver boomerangs
 V - 8 curare-tipped darts (quivered)
 W - 4 silver javelins
 X - 10 javelins
Armour
 h - a +2 cloak (worn)
 p - the +7 tower shield of the Cartwright (worn) {rN++}
   (You took it off Louise on level 4 of the Swamp)

   rN:        It greatly protects you from negative energy.
 r - the +18 Lear's hauberk (worn)
   (You found it on level 3 of the Dungeon)
 x - the +1 plate armour "Kiadd" {rPois}
   (You found it on level 5 of the Lair of Beasts)

   rPois:     It protects you from poison.
 N - a +2 pair of gloves
 R - a +2 pair of boots
 U - a +1 helmet of intelligence
Jewellery
 b - a ring of protection from fire
 y - an amulet of reflection (around neck)
 H - the ring "Zaugg" (left hand) {rCorr Slay+3 SInv}
   (You acquired it on level 3 of the Vaults)

   [ring of see invisible]

   Slay:      It affects your accuracy & damage with ranged weapons and melee
   (+3).
   SInv:      It lets you see invisible.
   rCorr:     It protects you from acid and corrosion.
 J - a ring of protection from cold
 L - a ring of positive energy
 O - a ring of poison resistance (right hand)
Wands
 o - a wand of paralysis (13)
 u - a wand of acid (23)
 v - a wand of digging (11)
 I - a wand of flame (13)
 K - a wand of iceblast (12)
Scrolls
 e - 9 scrolls of fear
 f - 7 scrolls of enchant armour
 i - 4 scrolls of blinking
 k - a scroll of summoning
 q - 2 scrolls of magic mapping
 s - 23 scrolls of teleportation
 w - 3 scrolls of silence
 F - 8 scrolls of fog
Potions
 a - 5 potions of berserk rage
 d - 8 potions of might
 l - 4 potions of haste
 m - 2 potions of invisibility
 t - 6 potions of mutation
 z - 10 potions of curing
 B - 2 potions of flight
 E - 4 potions of lignification
 M - a potion of ambrosia
 P - 2 potions of magic
 S - 8 potions of cancellation
 Y - 3 potions of resistance
Miscellaneous
 c - a phial of floods
 g - a lightning rod (4/4)
 Q - a phantom mirror
 Z - a box of beasts


   Skills:
 + Level 15.0 Fighting
 - Level 18.0 Axes
 - Level 14.0 Armour
 - Level 6.0 Dodging
 - Level 22.1 Shields
 + Level 23.4 Invocations
 + Level 11.2 Evocations


You had 19 spell levels left.
You didn't know any spells.
Your spell library contained the following spells:

 Spells                   Type           Power      Damage    Failure   Level
 Animate Skeleton         Necr           0%         N/A       96%         1
 Apportation              Tloc           0%         N/A       96%         1
 Pain                     Necr           0%         1d4       96%         1
 Sandblast                Erth           0%         2d4       96%         1
 Sting                    Tmut/Pois      0%         1d3       96%         1
 Corpse Rot               Necr/Air       0%         N/A       99%         2
 Poisonous Vapours        Pois/Air       0%         N/A       99%         2
 Static Discharge         Conj/Air       0%         N/A       99%         2
 Call Canine Familiar     Summ           0%         N/A       100%        3
 Frozen Ramparts          Ice            0%         1d2       100%        3
 Gell's Gravitas          Tloc           0%         N/A       100%        3
 Inner Flame              Hex/Fire       0%         N/A       100%        3
 Lesser Beckoning         Tloc           0%         N/A       100%        3
 Portal Projectile        Hex/Tloc       0%         N/A       100%        3
 Stone Arrow              Conj/Erth      0%         3d7       100%        3
 Teleport Other           Tloc           0%         N/A       100%        3
 Vampiric Draining        Necr           0%         2d6       100%        3
 Airstrike                Air            0%         N/A       100%        4
 Animate Armour           Summ/Erth      0%         N/A       100%        4
 Animate Dead             Necr           0%         N/A       100%        4
 Cause Fear               Hex            0%         N/A       100%        4
 Hailstorm                Conj/Ice       0%         3d3       100%        4
 Ice Form                 Ice/Tmut       0%         N/A       100%        4
 Leda's Liquefaction      Hex/Erth       0%         N/A       100%        4
 Olgreb's Toxic Radiance  Pois           0%         N/A       100%        4
 Passage of Golubria      Tloc           0%         N/A       100%        4
 Summon Ice Beast         Ice/Summ       0%         N/A       100%        4
 Summon Lightning Spire   Summ/Air       0%         N/A       100%        4
 Alistair's Intoxication  Tmut/Pois      0%         N/A       100%        5
 Borgnjor's Vile Clutch   Necr/Erth      0%         N/A       100%        5
 Lightning Bolt           Conj/Air       0%         1d11      100%        5
 Silence                  Hex/Air        0%         N/A       100%        5
 Conjure Ball Lightning   Conj/Air       0%         3x3d6     100%        6
 Death Channel            Necr           0%         N/A       100%        6
 Dispersal                Tloc           0%         N/A       100%        6
 Eringya's Noxious Bog    Tmut/Pois      0%         N/A       100%        6
 Iron Shot                Conj/Erth      0%         9d1       100%        6
 Simulacrum               Ice/Necr       0%         N/A       100%        6
 Statue Form              Tmut/Erth      0%         N/A       100%        6
 Haunt                    Necr/Summ      0%         N/A       100%        7
 Discord                  Hex            0%         N/A       100%        8
 Disjunction              Tloc           0%         N/A       100%        8
 Infestation              Necr           0%         N/A       100%        8
 Lehudib's Crystal Spear  Conj/Erth      0%         10d2      100%        8
 Maxwell's Capacitive Co  Air            0%         ∞         100%        8


Dungeon Overview and Level Annotations

Branches:
Dungeon (15/15)            Temple (0/1) D:6            Lair (6/6) D:10
  Swamp (4/4) Lair:2        Snake (4/4) Lair:2        Slime (0/5) Lair:6
    Orc (2/2) D:10            Elf (1/3) Orc:2        Vaults (4/5) D:13
  Crypt (0/3) Vaults:2     Depths (0/4) D:15          IceCv (visited)
Volcano (visited)         Desolation (visited)

Altars:
Ashenzari
Cheibriados
Dithmenos
Kikubaaqudgha
Makhleb
Qazlal
Ru
Sif Muna
Vehumet
Wu Jian
Xom
Jiyva

Shops:
D:4 !=?([   D:15 *   Orc:1 =   Orc:2 (?=?***   Snake:2 =:=(   Vaults:2 ?
Vaults:3 ?

Portals:
Trove: Vaults:4 (show abyssal rune of Zot)

Annotations:
D:6 2 transporters, MiltankisOP's ghost, novice DsAK
D:8 exclusion: ice statue
Lair:2 1 runed translucent door, Muskoefi's ghost, journeyman HOMo
Lair:6 1 runed translucent door
Snake:1 3 runed translucent doors, Yogidamonk's ghost, adept GrEE


Innate Abilities, Weirdness & Mutations

You can walk on water.
You have large cloven feet.
[Your magical capacity is extremely low. (-30% MP)]
[You occasionally shout uncontrollably at your foes.]


Message History

The deep elf pyromancer hits Arbolt with a +0 long sword!
The deep elf archer unwields a +0 short sword.
The deep elf archer wields a +0 shortbow.
The deep elf archer shoots an arrow.
You reflect the arrow off an invisible shield around you!
The arrow hits the deep elf archer!
Arbolt hits the deep elf pyromancer with the +6 spear "Sarcophage" {protect, rF++ Will+}!!!
The deep elf pyromancer dies!
Beogh accepts your kill.
The deep elf zephyrmancer points at you and mumbles some strange words.
The bolt of lightning hits you!!
* * * LOW HITPOINT WARNING * * *
The bolt of lightning hits Orik!
The bolt of lightning hits Arbolt!!
The deep elf zephyrmancer gestures at you while chanting.
The bolt of lightning hits the deep elf zephyrmancer!!!
The bolt of lightning hits you!!
* * * LOW HITPOINT WARNING * * *
The bolt of lightning hits Orik!!
The bolt of lightning hits Arbolt!
The boggart gestures wildly while chanting.
The boggart flickers and vanishes for a moment.
The deep elf annihilator hits you but does no damage.
The deep elf archer mumbles some strange words.
The deep elf archer blinks!
There is an open door, spattered with blood here.
Unknown command.
Unknown command.
Unknown command.
Unknown command.
Unknown command.
Okay, then.
Blink to where?
Press: ? - help, Dir - move target
As you read the scroll of blinking, it crumbles to dust.
A sling bullet appears from out of your range of vision.
The sling bullet hits the deep elf zephyrmancer!!
The deep elf zephyrmancer dies!
The deep elf zephyrmancer's corpse dissolves into shadows!
The deep elf zephyrmancer points at you and mumbles some strange words.
The bolt of lightning hits you!!
You die...

#e #e ##+### #.
##....##
.#####e####e.....##
......)o)o§)ge....#
.#####)####°ee...##
#.# ##....## #.#
##..## #.# #@)# #.#
#.e# #..#
#.######..## #..#
#..........# #..#
#..........# #..#
#.########## #..#
#.# #..# #.#
#..#####.#


You could see a deep elf annihilator (summoned), a deep elf archer (summoned,
repels missiles), 3 deep elf zephyrmancers and a boggart (invisible).

Vanquished Creatures
  Mara (Swamp:4)
  Bai Suzhen (Swamp:3)
  Frederick (Vaults:3)
  Asterion (Vaults:3)
  A sphinx (Vaults:4)
  4 tentacled starspawn (Abyss:3)
  Roxanne (Swamp:4)
  A revenant (Abyss:3)
  4 nagarajas (Snake:4)
  A deep elf sorcerer (Elf:1)
  7 vault wardens
  Louise (Swamp:4)
  4 very ugly things
  4 ironbound preservers
  2 war gargoyles (Vaults:4)
  2 ironbound thunderhulks
  A stone giant (Vaults:4)
  Nessos (Lair:4)
  2 eleionomae
  A deep elf annihilator (Vaults:4)
  A bunyip (Swamp:4)
  2 entropy weavers (Vaults:2)
  A red draconian (Volcano)
  A deep elf death mage (Elf:1)
  A dire elephant (Vaults:4)
  An ettin (Vaults:3)
  3 yaktaur captains
  A shambling mangrove (Swamp:4)
  Josephine (D:11)
  2 ragged hierophants (Vaults:2)
  2 servants of whispers (Desolation)
  10 hydras
  2 great orbs of eyes
  2 peacekeepers (Vaults:4)
  5 vault guards
  4 naga warriors
  Erolcha (D:9)
  4 anacondas
  6 ironbound frosthearts
  3 boulder beetles
  An ogre mage (Orc:2)
  2 death knights
  8 alligators
  20 centaur warriors
  2 dancing weapons (Elf:1)
  8 two-headed ogres
  3 death yaks
  Urug (Lair:4)
  An orc high priest (Orc:2)
  8 naga sharpshooters
  4 shock serpents
  A thrashing horror (Abyss:3)
  Nergalle (Lair:3)
  A deep elf knight (D:14)
  4 wretched stars (Abyss:3)
  5 salamander mystics
  2 goliath frogs (Swamp:1)
  14 deep trolls
  3 spriggan druids
  5 large abominations (Abyss:3)
  3 sea snakes (Snake:3)
  A bog body (Swamp:3)
  7 swamp dragons
  2 naga ritualists
  11 wizards
  Pikel (D:6)
  8 harpies
  5 necromancers
  8 ironbound convokers
  A phantasmal warrior (Vaults:2)
  A lindwurm (Lair:5)
  2 orc knights
  7 mana vipers
  14 salamanders
  An orc sorcerer (Swamp:3)
  3 deep elf zephyrmancers
  4 cyclopes
  19 ugly things
  A worldbinder (Abyss:3)
  A manticore (D:11)
  2 centaur zombies (D:11)
  4 guardian serpents
  15 black mambas
  5 naga magi
  A gargoyle (D:11)
  9 elephants (Lair:4)
  A torpor snail (Lair:6)
  7 vault sentinels
  Psyche (D:8)
  12 cane toads
  21 yaktaurs
  2 unseen horrors
  6 komodo dragons
  2 rime drakes
  An ancient zyme (Abyss:3)
  A tengu conjurer (D:15)
  A freezing wraith (D:15)
  3 kobold demonologists (D:12)
  6 trolls
  A bloated husk (Swamp:2)
  A meliai (shapeshifter) (D:15)
  3 tyrant leeches
  2 meliai (D:13)
  16 polar bears
  5 hornets
  Grinder (D:3)
  4 raiju (Abyss:3)
  5 saltlings (Desolation)
  20 slime creatures
  3 blink frogs
  A frost giant simulacrum (Vaults:4)
  17 starcursed masses (Abyss:3)
  Sigmund (D:4)
  A vampire (D:13)
  2 water elementals (D:13)
  An air elemental (Elf:1)
  3 shadows
  A ynoxinul (Abyss:3)
  6 spriggans
  2 basilisks
  5 wraiths (D:11)
  2 fire bats (Lair:5)
  2 wyverns (Lair:3)
  53 yaks
  2 neqoxecs (Abyss:3)
  5 redbacks (Vaults:2)
  8 vampire mosquitoes
  2 steam dragons (Lair:6)
  A chaos spawn (Abyss:3)
  5 wargs
  7 swamp worms
  25 nagas
  13 water moccasins
  3 acid dragons
  4 swamp drakes (Swamp:4)
  A floating eye (shapeshifter) (D:11)
  A human zombie (Vaults:4)
  3 black bears
  5 orc warriors
  3 necrophages
  2 sky beasts
  6 ogres
  33 wolves
  5 boggarts (Vaults:1)
  4 lemures (D:6)
  22 centaurs
  2 kobold brigands
  15 bullfrogs
  A gnoll sergeant (D:5)
  An earth elemental (D:15)
  A water moccasin zombie (D:7)
  A wyvern zombie (D:8)
  3 scorpions
  4 small abominations (Abyss:3)
  7 killer bees
  8 wights
  8 howler monkeys
  2 electric eels
  A crimson imp (D:4)
  5 orc priests
  5 hounds
  A centaur skeleton (D:7)
  An iron imp (Abyss:3)
  A bullfrog skeleton (D:5)
  8 orc wizards
  Natasha (thrice) (D:3)
  2 iguanas (D:6)
  A hell rat (D:7)
  A hound zombie (D:4)
  A howler monkey zombie (D:4)
  Robin (D:2)
  7 gnolls
  A howler monkey skeleton (D:7)
  7 adders
  11 river rats (D:7)
  3 ufetubi
  4 worms
  4 dart slugs
  26 orcs
  6 bats
  5 endoplasms
  8 giant cockroaches
  18 goblins
  15 hobgoblins
  2 jackals (D:5)
  5 quokkas
  8 ball pythons
  3 frilled lizards
  8 kobolds
  26 rats
  13 butterflies
  3 starspawn tentacles (Abyss:3)
973 creatures vanquished.

Vanquished Creatures (collateral kills)
  Nikola (Swamp:4)
  Jory (Vaults:3)
  Gastronok (Lair:2)
  A revenant (Vaults:2)
  14 nagarajas
  The ghost of Ykec Esm the Carver, a journeyman DrWn of Ashenzari (Swamp:2)
  Aizul (Swamp:4)
  An iron dragon (Vaults:4)
  4 vault wardens
  6 ironbound preservers
  3 very ugly things
  4 ironbound thunderhulks
  2 war gargoyles (Vaults:4)
  4 eleionomae
  4 bunyips
  An entropy weaver (Vaults:2)
  Snorg (Lair:6)
  An ettin (D:15)
  A jiangshi (Vaults:2)
  A crystal guardian (Vaults:4)
  A shambling mangrove (Swamp:2)
  2 great orbs of eyes
  7 yaktaur captains
  5 salamander tyrants
  8 naga warriors
  8 vault guards
  A catoblepas (Lair:2)
  3 ogre magi
  3 ironbound frosthearts
  A merfolk avatar (Lair:6)
  A ghost crab (Swamp:2)
  14 hydras
  6 two-headed ogres (D:15)
  8 centaur warriors
  2 anacondas
  6 alligators
  A tengu warrior (D:15)
  3 death yaks (Lair:6)
  6 naga sharpshooters
  4 spriggans
  A spriggan berserker (Swamp:4)
  A shock serpent (Snake:3)
  2 skeletal warriors
  3 salamander mystics
  2 goliath frogs
  4 sea snakes
  9 swamp dragons
  18 deep trolls
  A naga ritualist (Snake:4)
  3 lindwurms
  3 bog bodies
  7 ironbound convokers
  A wizard (Vaults:3)
  A harpy (Vaults:1)
  A deep elf zephyrmancer (Elf:1)
  13 ugly things
  A deep elf archer (Elf:1)
  2 deep elf pyromancers (Elf:1)
  A wolf spider (Lair:6)
  6 orc knights
  A phantasmal warrior (Vaults:4)
  3 orc sorcerers
  6 will-o-the-wisps
  A manticore (D:11)
  20 salamanders
  3 cyclopes (D:15)
  12 black mambas
  A centaur zombie (D:10)
  9 vault sentinels
  7 naga magi
  5 elephants
  An ice statue (IceCv)
  3 cane toads
  2 gargoyles
  2 kobold demonologists
  6 rime drakes
  6 komodo dragons
  7 yaktaurs
  2 freezing wraiths (D:15)
  A troll (D:11)
  7 hornets
  A meliai (D:13)
  2 tyrant leeches (Swamp:4)
  2 polar bears
  2 blink frogs (Lair:1)
  A raiju (shapeshifter) (D:14)
  17 slime creatures
  A human simulacrum (Vaults:4)
  2 vampires
  12 yaks
  A fire bat (Lair:5)
  2 wraiths
  A hog (shapeshifter) (D:14)
  3 wyverns
  4 redbacks (Vaults:2)
  3 basilisks
  6 vampire mosquitoes
  21 nagas
  10 swamp worms
  An acid dragon (D:10)
  3 water moccasins
  10 orc warriors
  6 swamp drakes
  9 centaurs
  2 orc wizards
  5 ogres
  15 wolves
  3 bullfrogs
  A wight (D:10)
  6 electric eels
  4 orc priests
  A howler monkey zombie (D:9)
  4 orcs
  2 kobolds (D:12)
  5 butterflies
496 creatures vanquished.

Vanquished Creatures (others)
  Donald (Swamp:4)
  3 orc warlords
  An ironbound preserver (Vaults:2)
  A very ugly thing (Vaults:2)
  An orc high priest (Vaults:2)
  12 orc priests
  A salamander mystic (Snake:3)
  14 orc knights
  A wizard (Vaults:3)
  2 orc sorcerers
  A bloated husk (Swamp:3)
  A yaktaur (Vaults:2)
  2 hornets
  24 orc warriors
  7 orc wizards
  25 orcs
  25 foxfires
  56 fungi
  A lurking horror (Abyss:3)
  111 plants
  8 starspawn tentacles (Abyss:3)
298 creatures vanquished.

Grand Total: 1767 creatures vanquished

Notes
Turn   | Place    | Note
-------+----------+-------------------------------------------
     0 | D:1      | safid the Hill Orc Fighter began the quest for the Orb.
     0 | D:1      | Reached XP level 1. HP: 19/19 MP: 1/1
   192 | D:1      | Reached XP level 2. HP: 27/27 MP: 2/2
   194 | D:1      | Found an ornate altar of the Wu Jian Council.
   476 | D:1      | You fall into a shaft and drop 1 floor!
   487 | D:2      | Found a stormy altar of Qazlal.
   539 | D:2      | Reached XP level 3. HP: 31/33 MP: 3/3
  1186 | D:2      | Noticed Robin
  1201 | D:2      | Killed Robin
  1202 | D:2      | Reached XP level 4. HP: 19/40 MP: 4/4
  1728 | D:2      | Found a faded altar of an unknown god.
  1945 | D:2      | Reached skill level 5 in Axes
  2012 | D:2      | Reached XP level 5. HP: 46/46 MP: 5/5
  2306 | D:3      | Became a worshipper of Beogh the Brigand
  2407 | D:3      | Noticed Grinder
  2423 | D:3      | Killed Grinder
  2424 | D:3      | Reached XP level 6. HP: 31/52 MP: 6/6
  2450 | D:3      | Noticed Natasha
  2456 | D:3      | Killed Natasha
  2623 | D:3      | Identified the +6 hand axe of the Toadstool {chaos, Int+3}
  2884 | D:3      | Found the +18 Lear's hauberk
  2980 | D:3      | Noticed Natasha
  2986 | D:3      | Killed Natasha
  3039 | D:3      | Reached XP level 7. HP: 59/59 MP: 7/7
  3171 | D:3      | Noticed Natasha
  3176 | D:3      | Killed Natasha
  3249 | D:4      | Found Athro's Jewellery Shoppe.
  3293 | D:4      | Reached * piety under Beogh
  3340 | D:4      | Found Ezopeasu's Antique Weapon Boutique.
  3345 | D:4      | Found Wexir's Armour Shop.
  3701 | D:4      | Found Hutwygiu's Distillery.
  3707 | D:4      | Bought a potion of curing for 42 gold pieces
  3707 | D:4      | Bought a potion of heal wounds for 70 gold pieces
  3707 | D:4      | Bought a potion of curing for 42 gold pieces
  3707 | D:4      | Bought a potion of flight for 42 gold pieces
  3728 | D:4      | Noticed Sigmund
  3735 | D:4      | Killed Sigmund
  3736 | D:4      | Reached skill level 10 in Axes
  3757 | D:4      | Found a shimmering altar of Xom.
  3757 | D:4      | Found a burning altar of Makhleb.
  3918 | D:4      | Found Ytupekh's Magic Scroll Boutique.
  3921 | D:4      | Bought a scroll of identify for 22 gold pieces
  3969 | D:4      | Reached XP level 8. HP: 63/66 MP: 8/8
  4232 | D:5      | Entered Level 5 of the Dungeon
  4531 | D:5      | Reached ** piety under Beogh
  5145 | D:5      | HP: 3/66 [poisoned by a gnoll sergeant]
  5505 | D:6      | Reached XP level 9. HP: 54/71 MP: 9/9
  5678 | D:6      | Found a staircase to the Ecumenical Temple.
  5692 | D:6      | Found a sacrificial altar of Ru.
  5692 | D:6      | Found a snail-covered altar of Cheibriados.
  5694 | D:6      | Found a shimmering blue altar of Sif Muna.
  5694 | D:6      | Found an ancient bone altar of Kikubaaqudgha.
  5703 | D:6      | Found a transporter.
  5709 | D:6      | Noticed MiltankisOP's ghost (novice DsAK)
  5729 | D:6      | Found a transporter.
  5767 | D:6      | Noticed Pikel
  5788 | D:6      | Killed Pikel
  5789 | D:6      | Reached skill level 15 in Axes
  6381 | D:6      | Reached skill level 1 in Invocations
  6806 | D:7      | Reached *** piety under Beogh
  6809 | D:7      | Reached skill level 2 in Invocations
  6981 | D:7      | Reached skill level 5 in Fighting
  6981 | D:7      | Reached skill level 3 in Invocations
  7062 | D:7      | Reached skill level 5 in Armour
  7062 | D:7      | Reached XP level 10. HP: 81/81 MP: 12/12
  7104 | D:7      | Found a stormy altar of Qazlal.
  7105 | D:7      | Found a radiant altar of Vehumet.
  7158 | D:7      | Identified the +0 leather armour of Woat {rN+ rCorr MP+9
                  | Str+2}
  7441 | D:7      | Reached skill level 4 in Invocations
  7550 | D:7      | Reached **** piety under Beogh
  7680 | D:8      | Noticed a two-headed ogre
  7687 | D:8      | Killed a two-headed ogre
  7688 | D:8      | Reached skill level 5 in Invocations
  7899 | D:8      | Noticed an ice statue
  8004 | D:8      | Reached skill level 6 in Invocations
  8264 | D:8      | Noticed Psyche
  8274 | D:8      | Killed Psyche
  8572 | D:9      | Reached skill level 7 in Invocations
  8576 | D:9      | Reached XP level 11. HP: 75/94 MP: 16/16
  8804 | D:9      | Noticed Erolcha
  8815 | D:9      | Killed Erolcha
  8816 | D:9      | Reached skill level 8 in Invocations
  9281 | D:10     | Entered Level 10 of the Dungeon
  9298 | D:10     | Found a staircase to the Orcish Mines.
  9307 | D:10     | Reached ***** piety under Beogh
  9376 | D:10     | Found a broken altar of Ashenzari.
  9635 | D:10     | Found a staircase to the Lair.
  9999 | D:10     | Reached skill level 9 in Invocations
 10419 | D:11     | Noticed a seven-headed hydra
 10436 | D:11     | Killed an eight-headed hydra
 10437 | D:11     | Reached skill level 10 in Fighting
 10743 | D:11     | Noticed a two-headed ogre
 10747 | D:11     | Reached skill level 10 in Invocations
 10755 | D:11     | Killed a two-headed ogre
 10858 | D:11     | Noticed a red ugly thing
 10870 | D:11     | Killed a red ugly thing
 10973 | D:11     | Gained Orkrul as an ally
 10974 | D:11     | Reached XP level 12. HP: 94/107 MP: 19/19
 11042 | D:11     | Noticed a two-headed ogre
 11051 | D:11     | Killed a two-headed ogre
 11051 | D:11     | Noticed Josephine
 11052 | D:11     | Reached skill level 10 in Armour
 11059 | D:11     | Killed Josephine
 11060 | D:11     | Reached skill level 11 in Invocations
 11111 | D:11     | Your ally Orkrul died
 11397 | D:11     | Noticed a two-headed ogre
 11414 | D:11     | Killed a two-headed ogre
 11418 | D:11     | HP: 3/110 [manticore/volley of spikes (12)]
 11837 | D:11     | Noticed an anaconda
 11837 | D:11     | an anaconda changed into a shining eye
 11838 | D:11     | Noticed a death knight
 11855 | D:11     | Killed a death knight
 11856 | D:11     | Reached skill level 12 in Invocations
 12145 | D:11     | Noticed a two-headed ogre
 12146 | D:11     | Gained Ugbert as an ally
 12152 | D:11     | Killed a two-headed ogre
 12295 | Lair:1   | Entered Level 1 of the Lair of Beasts
 12395 | Lair:1   | Identified the +1 robe of Vehumet's Castigation {+Blink
                  | rN+}
 12802 | Lair:1   | Gained Gorm as an ally
 13232 | Lair:2   | Found a staircase to the Swamp.
 13486 | Lair:2   | Noticed a catoblepas
 13508 | Lair:2   | Killed a catoblepas
 13512 | Lair:2   | Reached XP level 13. HP: 56/118 MP: 22/22
 13523 | Lair:2   | Found a staircase to the Snake Pit.
 14141 | Lair:2   | Noticed Gastronok
 14150 | Lair:2   | Killed Gastronok
 14366 | Lair:2   | Found a runed translucent door.
 14368 | Lair:2   | Noticed Muskoefi's ghost (journeyman HOMo)
 14368 | Lair:2   | Identified the +5 trident of Greatest Utility {vorpal,
                  | Str+2 Stlth+}
 14930 | Lair:3   | Noticed Nergalle
 14944 | Lair:3   | Killed Nergalle
 14945 | Lair:3   | Reached skill level 5 in Shields
 14948 | Lair:3   | Identified the +10 hunting sling of Juttyz {venom, rF+ rC+}
 15529 | Lair:3   | Identified a scroll of acquirement
 15531 | Lair:3   | Acquired 809 gold pieces
 15644 | Lair:4   | Reached skill level 13 in Invocations
 15718 | Lair:4   | Noticed Urug
 15725 | Lair:4   | Killed Urug
 16117 | Lair:4   | Noticed Nessos
 16130 | Lair:4   | Killed Nessos
 16136 | Lair:4   | Reached skill level 14 in Invocations
 16763 | Lair:5   | Found a dark tunnel.
 16783 | Volcano  | Entered a volcano
 16802 | Volcano  | Found a burning altar of Makhleb.
 16814 | Volcano  | Noticed a red draconian
 16857 | Volcano  | Gained Borgoth as an ally
 16858 | Volcano  | Reached XP level 14. HP: 126/126 MP: 24/24
 16870 | Volcano  | Your ally Borgoth died
 17025 | Volcano  | Killed a red draconian
 17166 | Volcano  | Reached skill level 15 in Invocations
 17483 | Lair:5   | Identified the +1 plate armour "Kiadd" {rPois}
 18211 | Lair:6   | Entered Level 6 of the Lair of Beasts
 18220 | Lair:6   | Gained Urtork as an ally
 18236 | Lair:6   | Reached skill level 10 in Shields
 18402 | Lair:6   | Found a runed translucent door.
 18403 | Lair:6   | Found a viscous altar of Jiyva.
 18403 | Lair:6   | Found a staircase to the Slime Pits.
 18403 | Lair:6   | Noticed an acid blob
 18403 | Lair:6   | Noticed an acid blob
 18404 | Lair:6   | Noticed an acid blob
 18456 | Lair:6   | Noticed Snorg
 18462 | Lair:6   | Reached skill level 16 in Invocations
 18462 | Lair:6   | Your ally Urtork died
 18464 | Lair:6   | Gained Bogrim as an ally
 18464 | Lair:6   | Killed Snorg
 18555 | Lair:6   | Gained Bolgrim as an ally
 18839 | Lair:6   | Identified the +1 robe "Biopugah" {Rampage rN+ rCorr Str-3}
 18852 | Lair:6   | Identified the +7 trident of Death's Door {vorpal, Stlth+}
 19363 | Orc:1    | Entered Level 1 of the Orcish Mines
 19444 | Orc:1    | You fall into a shaft and drop 1 floor!
 19444 | Orc:2    | Entered Level 2 of the Orcish Mines
 19452 | Orc:2    | Paralysed by an orc sorcerer for 3 turns
 19470 | Orc:2    | Paralysed by an orc sorcerer for 2 turns
 19503 | Orc:2    | Found a frozen archway.
 19513 | IceCv    | Entered an ice cave
 20001 | IceCv    | Reached skill level 17 in Invocations
 20022 | IceCv    | Reached ****** piety under Beogh
 20183 | IceCv    | Gained Borgun as an ally
 20382 | IceCv    | Your ally Borgun died
 20390 | IceCv    | Reached XP level 15. HP: 27/132 MP: 20/27
 21255 | Orc:2    | Found Jyhal's Magic Scroll Shoppe.
 21257 | Orc:2    | Found Yniodel's Jewellery Shop.
 21259 | Orc:2    | Gained Morbeogh as an ally
 21269 | Orc:2    | Your ally Morbeogh died
 21272 | Orc:2    | Reached skill level 18 in Invocations
 21285 | Orc:2    | Your ally Bogrim died
 21711 | Orc:2    | Found Kust's General Store.
 21711 | Orc:2    | Found Atewn's Assorted Antiques.
 21713 | Orc:2    | Found Wikiud's Magic Scroll Boutique.
 21715 | Orc:2    | Found Perghe Kess's General Store.
 21897 | Orc:2    | Bought a potion of resistance for 130 gold pieces
 21900 | Orc:2    | Bought a scroll of blinking for 97 gold pieces
 21900 | Orc:2    | Bought a scroll of teleportation for 39 gold pieces
 21900 | Orc:2    | Bought a scroll of blinking for 97 gold pieces
 21905 | Orc:2    | Bought a scroll of summoning for 152 gold pieces
 21905 | Orc:2    | Bought a scroll of teleportation for 48 gold pieces
 21988 | Orc:2    | Bought a scroll of fear for 45 gold pieces
 22032 | Orc:2    | Found Hauhoergh's Weapon Shoppe.
 22123 | Orc:2    | Found a staircase to the Elven Halls.
 22245 | Orc:1    | Found Luklikhli's Jewellery Shop.
 22650 | Orc:1    | Gained Orbeogh as an ally
 22659 | Orc:1    | Gained Learuk as an ally
 23201 | D:12     | Gained Dorog as an ally
 24327 | D:13     | Reached skill level 1 in Dodging
 24453 | D:13     | Found a gate to the Vaults.
 24459 | D:13     | Gained Ortolf as an ally
 25591 | D:14     | Identified the +6 spear "Sarcophage" {protect, rF++ Will+}
 25617 | D:14     | Identified the +8 shortbow of the Magic Mushroom {venom,
                  | Fragile Str+5 SInv}
 25707 | D:14     | Reached skill level 19 in Invocations
 26403 | D:15     | Entered Level 15 of the Dungeon
 26867 | D:15     | Found a staircase to the Depths.
 27173 | D:15     | Found Utwasi's Pet Rocks.
 27185 | D:15     | Reached XP level 16. HP: 141/141 MP: 29/29
 27373 | D:15     | Your ally Learuk died
 28260 | Swamp:1  | Entered Level 1 of the Swamp
 28723 | Swamp:1  | Reached skill level 1 in Evocations
 28729 | Swamp:1  | Identified the +7 trident of Qotzi {venom, rPois rF+ Will+
                  | Int-3}
 29321 | Swamp:2  | Gained Urtork as an ally
 29823 | Swamp:2  | Noticed Ykec Esm's ghost (journeyman DrWn)
 29828 | Swamp:2  | You fall into a shaft and drop 1 floor!
 29828 | Swamp:3  | Noticed Bai Suzhen
 29837 | Swamp:3  | Killed Bai Suzhen
 29837 | Swamp:3  | Your ally Dorog died
 30173 | Swamp:2  | Found a runed translucent door.
 30374 | Swamp:2  | Killed Ykec Esm's ghost
 31383 | Swamp:3  | Reached skill level 20 in Invocations
 31393 | Swamp:3  | Your ally Orbeogh died
 32058 | Swamp:3  | Reached skill level 5 in Dodging
 32246 | Swamp:4  | Entered Level 4 of the Swamp
 32248 | Swamp:4  | Noticed Donald
 32253 | Swamp:4  | Noticed Aizul
 32257 | Swamp:4  | Noticed Mara
 32260 | Swamp:4  | Your ally Bolgrim died
 32262 | Swamp:4  | Killed Donald
 32262 | Swamp:4  | Your ally Ortolf died
 32263 | Swamp:4  | Killed Aizul
 32343 | Swamp:4  | Killed Mara
 32344 | Swamp:4  | Reached XP level 17. HP: 152/152 MP: 21/31
 32350 | Swamp:4  | Gained Bogfrid as an ally
 32397 | Swamp:4  | Your ally Bogfrid died
 32404 | Swamp:4  | Reached skill level 5 in Evocations
 32416 | Swamp:4  | Your ally Gorm died
 32417 | Swamp:4  | Your ally Ugbert died
 32763 | Swamp:4  | Gained Orik as an ally
 32797 | Swamp:4  | Identified the +7 tower shield of the Cartwright {rN++}
 32797 | Swamp:4  | Noticed Louise
 32799 | Swamp:4  | Killed Louise
 32841 | Swamp:4  | Noticed Nikola
 32846 | Swamp:4  | Killed Nikola
 33116 | Swamp:4  | Identified Roxanne's Catalogue of Stones
 33116 | Swamp:4  | Noticed Roxanne
 33122 | Swamp:4  | Killed Roxanne
 33402 | Swamp:4  | Got a decaying rune of Zot
 33692 | Snake:1  | Entered Level 1 of the Snake Pit
 33896 | Snake:1  | Identified the +5 spear "Lidarel" {spect, MP+9 Str+4 Dex+2}
 34079 | Snake:1  | Reached skill level 15 in Shields
 34291 | Snake:1  | Noticed Yogidamonk's ghost (adept GrEE)
 34476 | Snake:1  | Found a runed translucent gate.
 34476 | Snake:1  | Found a runed translucent gate.
 34476 | Snake:1  | Found a runed translucent gate.
 34720 | Snake:2  | Found Saumen's Antique Weapon Boutique.
 35376 | Snake:2  | Found Koodaran's Jewellery Shop.
 35376 | Snake:2  | Found Morifaen's Book Shoppe.
 35378 | Snake:2  | Found Jiodur's Jewellery Shop.
 35514 | Snake:3  | Gained Marbaugh as an ally
 35599 | Snake:3  | Gained Arbolt as an ally
 36472 | Snake:3  | Reached XP level 18. HP: 154/160 MP: 32/32
 37236 | Snake:3  | Found a shadowy altar of Dithmenos.
 37339 | Snake:4  | Entered Level 4 of the Snake Pit
 37677 | Snake:4  | Gained Marbork as an ally
 37683 | Snake:4  | Your ally Marbork died
 39255 | Snake:4  | Got a serpentine rune of Zot
 40257 | Vaults:1 | Entered Level 1 of the Vaults
 41243 | Vaults:1 | Reached XP level 19. HP: 155/167 MP: 33/33
 41716 | Vaults:2 | Found Zukutogaqy's Magic Scroll Shop.
 41810 | Vaults:2 | Found a crumbling gateway.
 41815 | Desolati | Entered the Desolation of Salt
 42309 | Vaults:2 | Bought a scroll of fear for 42 gold pieces
 42309 | Vaults:2 | Bought a scroll of fear for 42 gold pieces
 42309 | Vaults:2 | Bought a scroll of enchant weapon for 90 gold pieces
 42309 | Vaults:2 | Bought a scroll of enchant weapon for 90 gold pieces
 42309 | Vaults:2 | Bought a scroll of teleportation for 36 gold pieces
 42309 | Vaults:2 | Bought a scroll of blinking for 90 gold pieces
 42309 | Vaults:2 | Bought a scroll of magic mapping for 42 gold pieces
 42309 | Vaults:2 | Bought a scroll of teleportation for 36 gold pieces
 42523 | Vaults:2 | Found a staircase to the Crypt.
 42645 | Vaults:2 | Your ally Urtork died
 42650 | Vaults:2 | Your ally Marbaugh died
 43151 | Vaults:2 | Reached skill level 21 in Invocations
 43661 | Vaults:2 | Identified the +6 arbalest of Hard Scrabble {venom, rElec
                  | rF++ MP-9 Stlth+}
 44442 | Vaults:3 | Reached XP level 20. HP: 151/174 MP: 34/34
 44515 | Vaults:3 | Found a huge runed gate.
 44515 | Vaults:3 | Found a huge runed gate.
 44515 | Vaults:3 | Found a huge runed gate.
 44517 | Vaults:3 | Found a huge runed gate.
 44517 | Vaults:3 | Found a huge runed gate.
 44518 | Vaults:3 | Found a huge runed gate.
 44519 | Vaults:3 | Found a huge runed gate.
 44519 | Vaults:3 | Found a huge runed gate.
 44519 | Vaults:3 | Found a huge runed gate.
 44519 | Vaults:3 | Found a huge runed gate.
 44519 | Vaults:3 | Found a huge runed gate.
 44520 | Vaults:3 | Found a huge runed gate.
 44521 | Vaults:3 | Found a huge runed gate.
 44532 | Vaults:3 | Reached skill level 22 in Invocations
 44532 | Vaults:3 | Found a huge runed gate.
 44621 | Vaults:3 | Noticed Frederick
 44628 | Vaults:3 | Killed Frederick
 45275 | Vaults:3 | Found a huge runed gate.
 45275 | Vaults:3 | Found a huge runed gate.
 45275 | Vaults:3 | Found a huge runed gate.
 45275 | Vaults:3 | Found a huge runed gate.
 45275 | Vaults:3 | Found a huge runed gate.
 45275 | Vaults:3 | Found a huge runed gate.
 45276 | Vaults:3 | Found a huge runed gate.
 45277 | Vaults:3 | Found a huge runed gate.
 45278 | Vaults:3 | Found a huge runed gate.
 45280 | Vaults:3 | Noticed Jory
 45288 | Vaults:3 | Killed Jory
 45294 | Vaults:3 | Noticed Asterion
 45301 | Vaults:3 | Killed Asterion
 45315 | Vaults:3 | Found a huge runed gate.
 45315 | Vaults:3 | Found a huge runed gate.
 45315 | Vaults:3 | Found a huge runed gate.
 45315 | Vaults:3 | Found a huge runed gate.
 45411 | Vaults:3 | Found a huge runed gate.
 45412 | Vaults:3 | Found a huge runed gate.
 45503 | Vaults:3 | Found a huge runed gate.
 45504 | Vaults:3 | Found a huge runed gate.
 45505 | Vaults:3 | Found a huge runed gate.
 45513 | Vaults:3 | Found a huge runed gate.
 45513 | Vaults:3 | Found a huge runed gate.
 45513 | Vaults:3 | Found a huge runed gate.
 45513 | Vaults:3 | Found a huge runed gate.
 45526 | Vaults:3 | Found Jull's Magic Scroll Emporium.
 45537 | Vaults:3 | Bought a scroll of acquirement for 988 gold pieces
 45537 | Vaults:3 | Bought a scroll of teleportation for 57 gold pieces
 45537 | Vaults:3 | Bought a scroll of teleportation for 57 gold pieces
 45537 | Vaults:3 | Acquired the ring "Zaugg" {rCorr Slay+3 SInv}
 45585 | Vaults:3 | Reached skill level 10 in Evocations
 46365 | Vaults:4 | Reached skill level 23 in Invocations
 47186 | Vaults:4 | Found a portal to a secret trove of treasure.
 47715 | Elf:1    | Entered Level 1 of the Elven Halls
 47746 | Elf:1    | Paralysed by an air elemental for 1 turns
 47811 | Elf:1    | Cast into level 3 of the Abyss (a wizard)
 47835 | Abyss:3  | Gained mutation: You have large cloven feet. [a neqoxec]
 47850 | Abyss:3  | Gained mutation: [Your magical capacity is low. (-10% MP)]
                  | [a neqoxec]
 47857 | Abyss:3  | Gained mutation: [Your magical capacity is very low. (-20%
                  | MP)] [a neqoxec]
 48026 | Abyss:3  | Paralysed by accursed screaming for 1 turns
 48222 | Elf:1    | Escaped the Abyss
 48228 | Elf:1    | Reached skill level 15 in Fighting
 48238 | Elf:1    | HP: 4/178 [deep elf zephyrmancer/bolt of lightning[a
                  | boggart] (29)]
 48239 | Elf:1    | Killed from afar by a deep elf zephyrmancer

Illustrated notes

Levels and vault maps discovered:
D:1:      dpeg_arrival_round_c, layout_basic, minmay_hexomino_r4
D:2:      layout_loops_corners, basic_altar,
          shapermc_ecumenical_altar_mp_ritualfount, uniq_robin
D:3:      layout_basic, uniq_natasha, uniq_grinder
D:4:      kennysheep_the_goblin_king, layout_basic,
          grunt_temple_overflow_champion_of_chaos, serial_shops, shop,
          kennysheep_mini, shop, shop, shop_coins, uniq_sigmund
D:5:      layout_cave_pods, lightli_minifort
D:6:      layout_basic, chequers_temple_overflow_statue_of_worship,
          minmay_temple_entry_overgrown, gammafunk_ghost_stat_death,
          minmay_crystal_water, minmay_misc_feat_five, minmay_hedge_maze,
          grunt_ministairs_10, chequers_avenue, minmay_misc_feat_roman,
          uniq_pikel
D:7:      lemuel_ratsnest, layout_rooms, gammafunk_temple_overflow_statue
D:8:      lemuel_ice_statue, layout_cave_pods, uniq_psyche
D:9:      layout_loops_cross, uniq_erolcha
D:10:     layout_rooms, mainiacjoe_overflow_tiny_flanked,
          grunt_lair_entry_orc_guard_hut, minmay_orc_entry_guard_dogs,
          kennysheep_dice
D:11:     nzn_winding_woodlands_stair_cross [nzn_winding_woodlands_5x15_default,
          nzn_winding_woodlands_center_triple_pond,
          nzn_winding_woodlands_5x15_twine, nzn_winding_woodlands_5x5_default,
          nzn_winding_woodlands_5x5_perimeter,
          nzn_winding_woodlands_5x15_longhouse,
          nzn_winding_woodlands_center_diamonds,
          nzn_winding_woodlands_5x15_sawtooth], layout_loops_cross,
          uniq_josephine
D:12:     layout_loops_ring
D:13:     lemuel_ice_spiral_2, layout_basic, david_vaults_1
D:14:     minmay_tri_box, layout_loops_cross, chequers_serial_rivers_large_b
D:15:     hangedman_depths_entry_civil_slaughter, layout_irregular_city,
          guppyfry_shop_earth
Lair:1:   layout_long_grid
Lair:2:   layout_chaotic_city, minmay_swamp_entry_worms,
          minmay_snake_entry_guardpost_small, ebering_ghost_funeral_grove,
          serial_bayou_shore_a, lemuel_fruit_tree, uniq_gastronok
Lair:3:   layout_cave_pods, grunt_megastairs_3, serial_bayou_shore_b,
          serial_bayou_shore_b, uniq_nergalle
Lair:4:   layout_gridlike, infiniplex_staircase_pool_2, lemuel_fruit_fields,
          uniq_urug, uniq_nessos
Lair:5:   layout_gridlike, nicolae_volcano_entry_batcave
Lair:6:   gammafunk_lair_ancient_temple, layout_hall_layers, slime_altar_2,
          nicolae_lair_run_with_the_wolves, uniq_snorg
Swamp:1:  layout_basic_swamp, evilmike_swamp_ruin_house_4, swamp_pool3,
          nicolae_swamp_feature_on_the_river_bank
Swamp:2:  layout_basic_swamp, hellmonk_ghost_happy_afterlife,
          hangedman_swamp_ruin_hall, swamp_pool4,
          nicolae_swamp_orc_logging_accident
Swamp:3:  layout_falls_marsh, serial_swamp_ruin, evilmike_swamp_ruin_house_2,
          evilmike_swamp_ruin_rubble_1, evilmike_swamp_ruin_house_5,
          grunt_hermit_hut, uniq_bai_suzhen
Swamp:4:  swamp, layout_basic_swamp, uniq_louise, uniq_roxanne, uniq_mara,
          uniq_nikola, uniq_donald, uniq_aizul
Snake:1:  layout_rooms, gammafunk_ghost_split, nicolae_snake_serpentine_hallways
Snake:2:  layout_misc_corridors, serial_shops, shop, serial_bayou_lagoon_a,
          nicolae_snake_gridmaze_squiggle, minmay_shop_grove
Snake:3:  layout_onion, basic_altar, serial_bayou_lagoon_b
Snake:4:  grunt_snake_rune_spirals, layout_onion_interference
Orc:1:    layout_caves, serial_shops, nicolae_shop_crystal
Orc:2:    st_orc_rangers, layout_caves, portal_ice_cave_rime, serial_shops,
          shop, guppyfry_orc_lava_fort
Elf:1:    layout_gridlike, hangedman_elf_disciples, door_vault,
          grunt_megastairs_4
Vaults:1: v_misc_16, vaults_room_grid, vaults_room_pool, grunt_vaults_focal,
          v_misc_30, v_misc_19, nicolae_vaults_what_the_h, vaults_room_fours,
          vaults_dpeg_diagonal, vaults_room_large_hall, hangedman_vaults_maws,
          layout_vaults_quadrants
Vaults:2: portal_desolation_entry_ruin, v_misc_23,
          minmay_crypt_entry_simple_statues, vaults_mumra_minichess,
          nicolae_vaults_arrows, ontoclasm_vaults_hangar, v_misc_15,
          vaults_room_semicircle, nicolae_vaults_yaktaur_gun_rack,
          vaults_standard_mumra_enter_the_diamond, v_misc_12,
          ontoclasm_vaults_chip, layout_vaults_omnibox, serial_shops, shop
Vaults:3: vaults_dpeg_cross, not_door_vault_mu, hangedman_vaults_locks,
          nicolae_vaults_windows_and_doors_thing,
          nicolae_vaults_lopsided_apartments,
          vaults_standard_mumra_enter_the_diamond, nicolae_vaults_angled_halls,
          ontoclasm_vaults_twist, ontoclasm_vaults_loading_screen, v_rooms_3,
          v_misc_15, layout_vaults_maze, serial_shops, nicolae_shop_crystal,
          uniq_jory, uniq_frederick, uniq_asterion
Vaults:4: v_pattern_5, hangedman_vaults_slither, vaults_mumra_chevron_long,
          nicolae_vaults_circle_grid_a, vaults_room_grunt_arrival_checkpoint,
          nicolae_vaults_little_squares_3, v_misc_1, ontoclasm_vaults_fault,
          grunt_vaults_hallway_long, vaults_room_ringed_pool,
          nicolae_vaults_angled_halls, nicolae_vaults_border_crossing,
          layout_vaults_big_cross, enter_trove_3

Skill      XL: |  1  2  3  4  5  6  7  8  9 10 11 12 13 14 15 16 17 18 19 20 |
---------------+-------------------------------------------------------------+-----
Axes           | 3 4 5 7 8 11 13 16 17 18 | 18.0
Fighting       | 4 5 8 10 12 14 15 | 15.0
Armour         | 4 5 7 9 11 12 13 14 | 14.0
Shields        | 4 8 12 13 14 16 20 22 | 22.1
Invocations    | 3 7 10 12 14 17 19 20 21 23 | 23.4
Dodging        | 2 5 6 |  6.0
Evocations     | 4 6 8 11 | 11.2

Action                   |  1- 3 |  4- 6 |  7- 9 | 10-12 | 13-15 | 16-18 | 19-21 || total
-------------------------+-------+-------+-------+-------+-------+-------+-------++-------
Melee: War axe           |   123 |   126 |   331 |   456 |       |       |       ||  1036
       Broad axe         |       |       |       |    69 |   950 |   887 |   840 ||  2746
       Kick              |       |       |       |       |       |       |    63 ||    63
Throw: Throwing net      |       |       |       |     2 |       |       |       ||     2
       Boomerang         |       |       |       |     2 |       |       |       ||     2
Invok: Convert to Beogh  |       |     1 |       |       |       |       |       ||     1
       Smiting           |       |       |       |     4 |    12 |    38 |    14 ||    68
       Recall Orcish Fol |       |       |       |     1 |    10 |    13 |     1 ||    25
       Stop Recall       |       |       |       |     1 |     6 |     7 |       ||    14
       Give Item to Name |       |       |       |       |     4 |     5 |       ||     9
  Use: Potion            |       |     1 |       |     5 |     5 |     3 |     7 ||    21
       Scroll            |       |       |     7 |     7 |    19 |     7 |     8 ||    48
 Stab: Petrified         |       |       |       |     2 |     1 |       |       ||     3
       Distracted        |       |       |       |     1 |     6 |    12 |     5 ||    24
       Confused          |       |       |       |       |       |     1 |       ||     1
Armor: Scale mail        |    50 |    54 |       |       |       |       |       ||   104
       Chain mail        |       |    13 |   220 |   412 |   640 |   467 |   186 ||  1938
Dodge: Dodged            |    62 |    50 |   120 |   230 |   439 |   324 |    90 ||  1315
Block: Buckler           |    36 |    19 |    58 |    86 |   274 |   122 |       ||   595
       Tower shield      |       |       |       |       |       |   762 |   770 ||  1532
       Reflection        |       |       |       |       |       |    31 |    60 ||    91
